 Dungeon Crawl Stone Soup version 0.29.1-1-gd02db6906a (webtiles) character file.

Game seed: 15302154816617699008

73 tardwrangler69 the Slasher (level 4, -7/39 HPs)
             Began as a Minotaur Chaos Knight on Sept 28, 2022.
             Was a Plaything of Xom.
             Mangled by a merfolk (glowing shapeshifter) (16 damage)
             ... on level 4 of the Dungeon.
             The game lasted 00:01:53 (2749 turns).

tardwrangler69 the Slasher (Minotaur Chaos Knight)  Turns: 2749, Time: 00:01:54

Health: -7/39      AC:  5    Str: 14    XL:     4   Next: 8%
Magic:  3/3        EV: 11    Int:  5    God:    Xom [......]
Gold:   216        SH:  0    Dex: 12    Spells: 3/3 levels left

rFire   . . .      SeeInvis .   a - +0 falchion (chaos)
rCold   . . .      Faith    .   (no shield)
rNeg    . . .      Spirit   .   b - +2 leather armour
rPois   .          Reflect  .   (helmet restricted)
rElec   .          Harm     .   (no cloak)
rCorr   .          Rampage  .   (no gloves)
Will    .....                   (no boots)
Stlth   +.........              (no amulet)
HPRegen 0.13/turn               (no ring)
MPRegen 0.08/turn               (no ring)

@: no status effects
A: horns 2, retaliatory headbutt, dopey 2, weak 1, no potion heal 1
a: Renounce Religion


You were on level 4 of the Dungeon.
You worshipped Xom.
You were a very special plaything of Xom.
You visited 1 branch of the dungeon, and saw 4 of its levels.

You collected 216 gold pieces.

Inventory:

Hand Weapons
 a - a +0 falchion of chaos (weapon)
Armour
 b - a +2 leather armour (worn)
 e - a +0 buckler
Jewellery
 l - an amulet of faith
Scrolls
 d - 2 scrolls of teleportation {unknown}
 h - a scroll of fear {unknown}
 i - 3 scrolls of identify {unknown}
 j - a scroll of enchant weapon {unknown}
 o - a scroll of butterflies {unknown}
 q - a scroll of torment {unknown}
Potions
 f - a potion of magic {unknown}
 g - a potion of ambrosia {unknown}
 k - a potion of haste {unknown}
 m - a potion of curing {unknown}
 n - 2 potions of invisibility {unknown}
 p - a potion of attraction {unknown}
 r - 3 potions of heal wounds
Miscellaneous
 c - a piece from Xom's chessboard (15/15) (quivered)


   Skills:
 - Level 3.6 Fighting
 + Level 6.0 Long Blades
 - Level 2.4 Armour
 - Level 1.1 Dodging


You had 3 spell levels left.
You didn't know any spells.
Your spell library contained the following spells:

 Spells                   Type           Power      Damage    Failure   Level
 Ignite Poison            Fire/Tmut/Pois 0%         N/A       89%         3
 Mephitic Cloud           Conj/Pois/Air  0%         N/A       89%         3
 Freezing Cloud           Conj/Ice/Air   0%         6-21      100%        5


Dungeon Overview and Level Annotations

Branches:
Dungeon (4/15)
 Temple: D:4-7

Altars:
Uskayaw

Shops:
D:1 :


Innate Abilities, Weirdness & Mutations

You have a pair of horns on your head.
You reflexively headbutt those who attack you in melee.
You are very dopey. (Int -4)
You are weak. (Str -2)
Potions are less effective at restoring your health.


Message History

No reachable target in view!
No reachable target in view!
There is an open door here.
A goblin is nearby!
A goblin is nearby!
There is an open door here.
You hit the goblin.
You kill the goblin!
The adder bites you but does no damage.
You see here a +0 dagger.
You hit the adder.
The adder is moderately wounded.
The adder bites you but does no damage.
You hit the adder.
The adder changes into a glowing shapeshifter!
Your punch misses the glowing shapeshifter.
The glowing shapeshifter changes into a merfolk!
A goblin comes into view. It is wielding a +0 club.
You hit the merfolk.
The merfolk is poisoned.
The merfolk is lightly wounded.
You barely miss the merfolk. Your headbutt misses the merfolk.
The merfolk is lightly wounded.
The merfolk hits you but does no damage.
You closely miss the merfolk.
The merfolk is lightly wounded.
The merfolk completely misses you.
You closely miss the merfolk.
The merfolk is lightly wounded.
The merfolk hits you.
You slash the merfolk!
You feel better.
The merfolk is moderately wounded.
The merfolk hits you.
You hit the merfolk.
The merfolk flickers and vanishes!
Deactivating autopickup; reactivate with Ctrl-A.
Something hits you!
You hit something but do no damage.
Nothing appears to happen.
You headbutt something. Something hits you!
* * * LOW HITPOINT WARNING * * *
Something hits you!
You die...

#.# gg #.#
.♣
####.##♣.P
.......
##..)##
#.....#
##ggg##
##{## #@#
#.# ##'##
##...##
##.....##
##...<...##
#.........#
+....)†...+
#.........#


You could see a hobgoblin and 2 goblins.

Vanquished Creatures
  An adder (D:3)
  A dart slug (D:2)
  A worm (D:3)
  4 orcs (D:3)
  5 ball pythons
  4 endoplasms
  A giant cockroach (D:3)
  6 hobgoblins
  2 jackals (D:3)
  3 kobolds
  A quokka (D:1)
  3 bats
  2 frilled lizards
  10 goblins
  6 rats
50 creatures vanquished.

Vanquished Creatures (others)
  4 plants (D:4)
4 creatures vanquished.

Grand Total: 54 creatures vanquished

Notes
Turn   | Place    | Note
-------+----------+-------------------------------------------
     0 | D:1      | tardwrangler69 the Minotaur Chaos Knight began the quest
                  | for the Orb.
     0 | D:1      | Reached XP level 1. HP: 19/19 MP: 0/0
   174 | D:1      | Found Diup Xao's Book Boutique.
   230 | D:1      | Reached skill level 4 in Long Blades
   323 | D:1      | XOM: silly message
   330 | D:1      | Found a faded altar of an unknown god.
   445 | D:1      | Reached XP level 2. HP: 24/26 MP: 1/1
   599 | D:1      | XOM: divination: detect items
  1219 | D:2      | Reached skill level 5 in Long Blades
  1510 | D:2      | XOM: divination: magic mapping
  1634 | D:3      | Reached XP level 3. HP: 31/31 MP: 2/2
  1652 | D:3      | XOM: smoke on damage
  1790 | D:3      | XOM: 2-stop teleportation journey
  1793 | D:3      | XOM: give mutations
  1793 | D:3      | Gained mutation: You are weak. (Str -2) [Xom's mischief]
  1793 | D:3      | Gained mutation: Potions are less effective at restoring
                  | your health. [Xom's mischief]
  1793 | D:3      | Gained mutation: You are dopey. (Int -2) [Xom's mischief]
  1891 | D:3      | XOM: give mutation
  1891 | D:3      | Gained mutation: You are very dopey. (Int -4) [Xom's
                  | mischief]
  2116 | D:3      | Found a hide-covered altar of Uskayaw.
  2266 | D:3      | XOM: butterfly on damage
  2675 | D:4      | Reached skill level 6 in Long Blades
  2675 | D:4      | Reached XP level 4. HP: 33/39 MP: 3/3
  2741 | D:4      | Noticed a glowing shapeshifter
  2741 | D:4      | an adder changed into a glowing shapeshifter
  2741 | D:4      | Noticed a merfolk
  2741 | D:4      | a glowing shapeshifter changed into a merfolk
  2749 | D:4      | Mangled by a merfolk (glowing shapeshifter)

Illustrated notes

Levels and vault maps discovered:
D:1:      dpeg_arrival_three_same_balls, layout_loops_corners, serial_shops,
          nicolae_shop_crystal, ebering_ecumenical_altar_box,
          kennysheep_nondescript, chequers_garden, hex_large
D:2:      layout_basic
D:3:      layout_basic, mainiacjoe_overflow_six_doors_small, minmay_starry_boxes
D:4:      layout_loops_corners, mainiacjoe_overflow_concentric_impassable,
          chequers_mini_garden, serial_bayou_pond_a, kennysheep_generic_room_8,
          uniq_robin

Skill      XL: |  1  2  3 |
---------------+----------+-----
Long Blades    | 4 5 6 |  6.0
Fighting       | |  3.6
Armour         | |  2.4
Dodging        | |  1.1

Action                   |  1- 3 |  4- 6 || total
-------------------------+-------+-------++-------
Melee: Falchion          |    87 |    13 ||   100
       Headbutt          |    13 |     1 ||    14
  Use: Potion            |     2 |       ||     2
Armor: Leather armour    |    40 |     5 ||    45
Dodge: Dodged            |    47 |     3 ||    50
